 Dungeon Crawl Stone Soup version 0.21.0-3-g78d12a8 (webtiles) character file.

1829 theanonym the Covert (level 9, -2/42 HPs)
             Began as a Vine Stalker Assassin on Jan 13, 2018.
             Killed from afar by Mgcat's ghost (19 damage)
             ... with a flame tongue
             ... on level 6 of the Dungeon.
             The game lasted 00:19:33 (7249 turns).

theanonym the Covert (Vine Stalker Assassin)        Turns: 7249, Time: 00:19:34

Health: -2/42      AC:  6    Str: 13    XL:     9   Next: 11%
Magic:  0/10       EV: 10    Int: 12    God:
Gold:   71         SH:  0    Dex: 19    Spells: 2/8 levels left

rFire    . . .     SeeInvis .   a - +2 dagger
rCold    . . .     Gourm    .   (no shield)
rNeg     + . .     Faith    .   i - +0 ring mail {7}
rPois    .         Spirit   +   k - +0 hat
rElec    .         Reflect  .   d - +0 cloak
rCorr    .         Harm     .   (no gloves)
MR       +....                  (no boots)
Stlth    ++++......             u - amulet of rage {+Rage}
HPRegen  0.54/turn              E - ring of positive energy {rN+rN+}
MPRegen  0.12/turn              (no ring)

@: no status effects
A: fangs 3, regeneration 1, magic shield, antimagic bite, no potion heal 3, rot
immunity
a: Evoke Berserk Rage


Innate Abilities, Weirdness & Mutations

You have razor-sharp teeth.
Your natural rate of healing is unusually fast.
When hurt, damage is shared between your health and your magic reserves.
Your bite disrupts and absorbs the magic of your enemies.
Potions cannot restore your health.
You are immune to rotting.


   Skills:
 - Level 1.7 Fighting
 * Level 8.8 Short Blades
 - Level 1.7 Throwing
 - Level 0.7 Dodging
 + Level 9.9 Stealth


You had 2 spell levels left.
You knew the following spells:

 Your Spells              Type           Power        Failure   Level  Hunger
c - Confuse               Hex            #.......     91%         3    ####...
r - Regeneration          Chrm/Necr      #.........   91%         3    ####...

Skill      XL: |  1  2  3  4  5  6  7  8 |
---------------+-------------------------+-----
Short Blades   | 2 3 4 5 6 8 |  8.8
Stealth        | 5 6 7 8 9 |  9.9
Fighting       | |  1.7
Throwing       | |  1.7
Dodging        | |  0.7

Action                   |  1- 3 |  4- 6 |  7- 9 || total
-------------------------+-------+-------+-------++-------
Melee: Dagger            |    78 |   285 |   380 ||   743
       Bite              |    18 |    88 |   104 ||   210
 Fire: Blowgun           |       |    20 |    14 ||    34
Throw: Throwing net      |       |       |     4 ||     4
Evoke: Wand              |       |       |     3 ||     3
  Use: Potion            |       |     2 |       ||     2
       Scroll            |       |     7 |    10 ||    17
 Stab: Sleeping          |     8 |    11 |     1 ||    20
       Distracted        |       |     1 |       ||     1
       Confused          |       |       |     4 ||     4
  Eat: Chunk             |     1 |     8 |    10 ||    19
       Ration            |       |       |     1 ||     1
Armor: Robe              |     6 |       |       ||     6
       Ring mail         |     7 |    74 |    54 ||   135
       Leather armour    |     1 |       |       ||     1
Dodge: Dodged            |    22 |   100 |   106 ||   228

Inventory:

Hand Weapons
 a - a +2 dagger (weapon)
 b - a +0 blowgun
Missiles
 f - 6 curare-tipped needles
 g - 30 poisoned needles
 z - a throwing net (quivered)
Armour
 d - a +0 cloak (worn)
 i - a +0 ring mail (worn) {7}
   (You found it on level 1 of the Dungeon)
 k - a +0 hat (worn)
   (You found it on level 3 of the Dungeon)
 o - a +0 leather armour {4}
   (You found it on level 1 of the Dungeon)
 C - a +0 robe {0}
Jewellery
 u - an amulet of rage (around neck) {+Rage}
   (You found it on level 4 of the Dungeon)
 E - a ring of positive energy (left hand) {rN+rN+}
   (You took it off an orc wizard on level 5 of the Dungeon)
Wands
 c - a wand of clouds (1)
   (You found it on level 4 of the Dungeon)
 A - a wand of random effects (49)
   (You found it on level 3 of the Dungeon)
Scrolls
 l - 3 scrolls of amnesia
 n - 3 scrolls of remove curse
 r - 3 scrolls of identify
 t - 3 scrolls of teleportation {!r}
 y - 3 scrolls of magic mapping
 F - a scroll of fear
 G - a scroll of enchant weapon
Potions
 h - a potion of ambrosia
 m - 4 potions of flight
 p - a potion of agility
 q - 2 potions of heal wounds
 s - a potion of mutation
 v - a potion of degeneration
 w - 4 potions of curing
 B - a potion of might
Books
 x - a book of Necromancy
   (You found it on level 4 of the Dungeon)
 D - a book of Misfortune
   (You found it on level 5 of the Dungeon)
Comestibles
 e - 16 rations
 j - 9 chunks of flesh


You were on level 6 of the Dungeon.
You were not hungry.

You visited 1 branch of the dungeon, and saw 6 of its levels.
You also visited: Sewer.

You collected 220 gold pieces.
You spent 149 gold pieces at shops.

Dungeon Overview and Level Annotations

Branches:
Dungeon (6/15)
 Temple: D:4-7

Altars:
Dithmenos
Ru
Uskayaw
Xom
Yredelemnul

Shops:
D:5 ?

Annotations:
D:6 Mgcat's ghost, novice DEWn

#.. .# ###.. .# ....
.# ##..>#.# #####
##......# # ....
#.......###.##.## #
.........##.#...##.#
......<..'......@W.#
.........##.#...##.#
#.......### ##..# #
##......# #.###.##.#
.##...#.# #........#
.###+##.# #####.####
.....##.# #.#
.....##.# #.#
..#.....##### #.#


You could see Mgcat's ghost.

Notes
Turn   | Place    | Note
-------+----------+-------------------------------------------
     0 | D:1      | theanonym the Vine Stalker Assassin began the quest for the Orb.
     0 | D:1      | Reached XP level 1. HP: 11/11 MP: 2/2
    42 | D:1      | Reached skill level 2 in Short Blades
   178 | D:1      | Reached skill level 5 in Stealth
   196 | D:1      | Reached XP level 2. HP: 15/15 MP: 3/3
   505 | D:1      | Reached XP level 3. HP: 18/18 MP: 4/4
  1037 | D:2      | HP: 9/18 [adder (1)]
  1038 | D:2      | Reached skill level 3 in Short Blades
  1220 | D:2      | Gained mutation: Your natural rate of healing is unusually fast. [Vine Stalker growth]
  1220 | D:2      | Reached XP level 4. HP: 21/23 MP: 5/5
  1496 | D:2      | Found a shadowy altar of Dithmenos.
  1624 | D:2      | Found a hide-covered altar of Uskayaw.
  2047 | D:3      | HP: 11/23 [poisoned by a worker ant]
  2050 | D:3      | HP: 5/23 [poisoned by a worker ant]
  2052 | D:3      | HP: 2/23 [worker ant (3)]
  2148 | D:3      | Reached skill level 6 in Stealth
  2148 | D:3      | Reached XP level 5. HP: 26/26 MP: 6/6
  2191 | D:3      | Reached skill level 4 in Short Blades
  2436 | D:3      | Noticed Terence
  2444 | D:3      | Killed Terence
  2656 | D:3      | Reached XP level 6. HP: 30/30 MP: 5/7
  2759 | D:3      | Found a basalt altar of Yredelemnul.
  2968 | D:4      | Found a glowing drain.
  2988 | D:4      | HP: 15/30 [gnoll/flail (3)]
  3053 | D:4      | Reached skill level 5 in Short Blades
  3055 | D:4      | HP: 15/30 [giant cockroach (1)]
  3100 | Sewer    | Entered a sewer
  3281 | Sewer    | Reached skill level 7 in Stealth
  3535 | Sewer    | Reached XP level 7. HP: 34/34 MP: 8/8
  3766 | Sewer    | Reached skill level 6 in Short Blades
  3856 | D:4      | Learned a level 3 spell: Regeneration
  4797 | D:5      | Entered Level 5 of the Dungeon
  4812 | D:5      | Reached skill level 8 in Stealth
  4831 | D:4      | HP: 16/34 [acid (2)]
  5071 | D:5      | Gained mutation: You have razor-sharp teeth. [Vine Stalker growth]
  5071 | D:5      | Reached XP level 8. HP: 31/38 MP: 9/9
  5229 | D:5      | Reached skill level 7 in Short Blades
  5622 | D:5      | Learned a level 3 spell: Confuse
  5724 | D:5      | Found Yloej's Magic Scroll Shop.
  5775 | D:5      | Reached skill level 9 in Stealth
  5777 | D:5      | Bought a scroll of identify for 26 gold pieces
  5777 | D:5      | Bought 3 scrolls of identify for 78 gold pieces
  5781 | D:5      | Bought a scroll of fear for 45 gold pieces
  5913 | D:5      | Found a shimmering altar of Xom.
  5913 | D:5      | Found a sacrificial altar of Ru.
  6028 | D:5      | Noticed Daviar's ghost (novice MfTm)
  6062 | D:5      | Killed Daviar's ghost
  6062 | D:5      | Reached skill level 8 in Short Blades
  6471 | D:2      | Found a hide-covered altar of Uskayaw.
  6487 | D:2      | Found a shadowy altar of Dithmenos.
  7101 | D:6      | Reached XP level 9. HP: 42/42 MP: 10/10
  7211 | D:6      | Noticed Mgcat's ghost (novice DEWn)
  7245 | D:6      | HP: 16/42 [Mgcat's ghost (7)]
  7249 | D:6      | Killed from afar by Mgcat's ghost

Vanquished Creatures
  The ghost of Daviar the Transmogrifier, a novice MfTm (D:5)
  2 phantoms (D:5)
  An ogre (D:6)
  A centaur (D:6)
  4 big kobolds (Sewer)
  A jelly (D:4)
  A hound (D:6)
  5 orc priests
  2 iguanas
  Terence (D:3)
  3 orc wizards
  8 worker ants
  9 adders
  11 gnolls
  11 oozes
  2 adder skeletons
  6 worms
  2 dart slugs
  3 leopard geckos
  12 orcs
  10 giant cockroaches
  9 goblins
  9 hobgoblins
  8 jackals
  10 kobolds
  2 quokkas
  3 ball pythons (Sewer)
  9 bats
  8 frilled lizards
  A quokka skeleton (D:3)
  12 rats
  A spectral orc (D:3)
168 creatures vanquished.

Table legend:
 A = Turns spent in this place as a percentage of turns spent in the entire game.
 B = Non-inter-level travel turns spent in this place as a percentage of non-inter-level travel turns spent in the entire game.
 C = Inter-level travel turns spent in this place as a percentage of turns spent in this place.
 D = Turns resting spent in this place as a percentage of non-inter-level travel turns spent in this place.
 E = Turns spent auto-exploring this place as a percentage of non-inter-level travel turns spent in this place.
 F = Non-inter-level travel turns spent in this place divided by the number of levels of this place that you've seen.
                   A       B       C       D       E      F
               +-------+-------+-------+-------+-------+----------------------
         Total | 100.0 | 100.0 |   4.9 |   9.6 |  64.4 | 984.7
       Dungeon |  89.8 |  89.3 |   5.5 |   9.9 |  66.1 | 1025.5
         Sewer |  10.2 |  10.7 |   0.0 |   7.3 |  50.7 | 740.0
               +-------+-------+-------+-------+-------+----------------------
